IL
OMAHA STORM CHASERS @ SCRANTON WB RAILRIDERS
05/31/2046
 
TOP OF THE 1ST
Omaha Storm Chasers batting - Pitching for Scranton WB RailRiders : RHP Eric Aguilar
Pitching: RHP Eric Aguilar
Batting: RHB Matt Belgard 0-0: Ball
1-0: Ball
2-0: Ground out 6-3 (Groundball, 6M, EV 83.8 MPH)
Batting: LHB Roman Downey 0-0: Swinging Strike
0-1: Called Strike
0-2: Ball
1-2: Strikes out looking
Batting: RHB Adam Martin 0-0: Called Strike
0-1: Called Strike
0-2: Ball
1-2: Strikes out looking
Top of the 1st over - 0 runs, 0 hits, 0 errors, 0 left on base; Omaha 0 - Scranton WB 0
BOTTOM OF THE 1ST
Scranton WB RailRiders batting - Pitching for Omaha Storm Chasers : RHP Nick Harmon
Pitching: RHP Nick Harmon
Batting: RHB Bobby Melillo 0-0: Ball
1-0: SINGLE (Line Drive, 6MD, EV 96.2 MPH)
Batting: SHB Victor Ruiz 0-0: Ball
1-0: Foul Ball, location: 2F
1-1: Ball
2-1: Foul Ball, location: 2F
2-2: Ball
3-2: Base on Balls
Bobby Melillo to second
Batting: SHB Mukhtar Wa'il 0-0: Called Strike
0-1: Swinging Strike
0-2: Ball
1-2: Ball
2-2: Strikes out swinging
Batting: RHB Scott King 0-0: Ball
1-0: Ball
2-0: Called Strike
2-1: Called Strike
2-2: SINGLE (Groundball, 5S, EV 67.5 MPH) (infield hit)
Bobby Melillo to third
Victor Ruiz to second
Batting: LHB Dan Morris 0-0: Called Strike
0-1: Ball
1-1: DOUBLE (Flyball, 8RXD, EV 91.9 MPH)
Bobby Melillo scores
Victor Ruiz scores
Scott King to third
Runner from 3rd tries for Home, SAFE, throw by CF to home
Batting: RHB Devon Utley 0-0: Swinging Strike
0-1: Called Strike
0-2: Ball
1-2: Ball
2-2: Foul Ball, location: 2F
2-2: Ball
3-2: Strikes out swinging
Batting: SHB Edwin Dominguez 0-0: Foul Ball, location: 2F
0-1: SINGLE (Line Drive, 5D, EV 95.0 MPH)
Dan Morris to third
Runner from 3rd tries for Home, SAFE, throw by LF to home
Batting: LHB Aaron Joyner 0-0: Fly out, F5 (Popup, 5SF, EV 85.0 MPH)
Bottom of the 1st over - 4 runs, 4 hits, 0 errors, 1 left on base; Omaha 0 - Scranton WB 4
TOP OF THE 2ND
Omaha Storm Chasers batting - Pitching for Scranton WB RailRiders : RHP Eric Aguilar
Batting: LHB Pete Hansel 0-0: Ball
1-0: Fly out, F4 (Popup, 3S, EV 72.5 MPH)
Batting: RHB Eric Sandell 0-0: Fly out, F3 (Line Drive, 3, EV 70.6 MPH)
Batting: LHB Danny Bailey 0-0: Ball
1-0: SINGLE (Line Drive, 56D, EV 95.0 MPH)
Batting: RHB Walt Cogswell 0-0: Called Strike
0-1: Ball
1-1: Called Strike
Danny Bailey steals 2nd base (no throw)
1-2: Ball
2-2: Strikes out swinging
Top of the 2nd over - 0 runs, 1 hit, 0 errors, 1 left on base; Omaha 0 - Scranton WB 4
BOTTOM OF THE 2ND
Scranton WB RailRiders batting - Pitching for Omaha Storm Chasers : RHP Nick Harmon
Batting: SHB Joe Fure 0-0: Ball
1-0: Ground out 6-3 (Groundball, 6, EV 91.2 MPH)
Batting: RHB Bobby Melillo 0-0: SINGLE (Groundball, 56D, EV 94.4 MPH)
Batting: SHB Victor Ruiz 0-0: Ball
1-0: Foul Ball, location: 2F
1-1: Fly out, F8 (Flyball, 8RD, EV 72.5 MPH)
Batting: SHB Mukhtar Wa'il 0-0: Called Strike
0-1: Ball
1-1: Foul Ball, location: 2F
1-2: Ball
2-2: Strikes out swinging
Bottom of the 2nd over - 0 runs, 1 hit, 0 errors, 1 left on base; Omaha 0 - Scranton WB 4
TOP OF THE 3RD
Omaha Storm Chasers batting - Pitching for Scranton WB RailRiders : RHP Eric Aguilar
Batting: RHB Taisei Fujii 0-0: Ball
1-0: Foul Ball, location: 2F
1-1: Ball
2-1: Foul Ball, location: 2F
2-2: SINGLE (Flyball, 56D, EV 91.2 MPH) - OUT at second base trying to stretch hit.
Batting: LHB Robby Diaz 0-0: Called Strike
0-1: Ball
1-1: Called Strike
1-2: Ball
2-2: Foul Ball, location: 2F
2-2: SINGLE (Line Drive, 34D, EV 95.0 MPH)
Batting: RHB Matt Belgard 0-0: Ball
1-0: Foul Ball, location: 2F
1-1: Ball
2-1: Foul Ball, location: 2F
2-2: Fly out, F8 (Flyball, 8RS, EV 83.1 MPH)
Batting: LHB Roman Downey 0-0: Foul Ball, location: 2F
0-1: Foul Ball, location: 2F
0-2: Ball
1-2: Strikes out swinging
Top of the 3rd over - 0 runs, 2 hits, 0 errors, 1 left on base; Omaha 0 - Scranton WB 4
BOTTOM OF THE 3RD
Scranton WB RailRiders batting - Pitching for Omaha Storm Chasers : RHP Nick Harmon
Batting: RHB Scott King 0-0: Foul Ball, location: 2F
0-1: Ball
1-1: Ground out 3-1 (Groundball, 34, EV 86.9 MPH)
Batting: LHB Dan Morris 0-0: Swinging Strike
0-1: Called Strike
0-2: Ball
1-2: Strikes out swinging
Batting: RHB Devon Utley 0-0: Swinging Strike
0-1: Ball
1-1: Ball
2-1: Called Strike
2-2: Ball
3-2: SOLO HOME RUN (Line Drive, 7LD, EV 91.9 MPH), Distance : 342 ft
Batting: SHB Edwin Dominguez 0-0: Foul Ball, location: 2F
0-1: Ground out 6-3 (Groundball, 56, EV 102.5 MPH)
Bottom of the 3rd over - 1 run, 1 hit, 0 errors, 0 left on base; Omaha 0 - Scranton WB 5
TOP OF THE 4TH
Omaha Storm Chasers batting - Pitching for Scranton WB RailRiders : RHP Eric Aguilar
Batting: RHB Adam Martin 0-0: Ball
1-0: Ball
2-0: Called Strike
2-1: DOUBLE (Line Drive, 89D, EV 111.9 MPH)
Batting: LHB Pete Hansel 0-0: Called Strike
0-1: Ball
1-1: DOUBLE (Flyball, 78D, EV 94.4 MPH)
Adam Martin scores
Batting: RHB Eric Sandell 0-0: Ball
1-0: Ball
Passed Ball!
Pete Hansel to third
2-0: Foul Ball, location: 2F
2-1: Ground out 6-3 (Groundball, 6, EV 85.6 MPH)
Pete Hansel scores
Batting: LHB Danny Bailey 0-0: Ball
1-0: Ball
2-0: DOUBLE (Line Drive, 3D, EV 101.2 MPH)
Batting: RHB Walt Cogswell 0-0: Called Strike
Danny Bailey steals 3rd base
0-1: Ball
1-1: Foul Ball, location: 2F
1-2: Ground out 5-3 (Groundball, 56S, EV 61.9 MPH)
Danny Bailey scores
Batting: RHB Taisei Fujii 0-0: Foul Ball, location: 2F
0-1: SINGLE (Groundball, 6MD, EV 103.8 MPH)
Batting: LHB Robby Diaz 0-0: Ball
1-0: Swinging Strike
1-1: Ball
2-1: Fly out, F9 (Flyball, 9LS, EV 95.6 MPH)
Top of the 4th over - 3 runs, 4 hits, 0 errors, 1 left on base; Omaha 3 - Scranton WB 5
BOTTOM OF THE 4TH
Scranton WB RailRiders batting - Pitching for Omaha Storm Chasers : RHP Nick Harmon
Batting: LHB Aaron Joyner 0-0: Swinging Strike
0-1: Ground out 4-3 (Groundball, 4MD, EV 105.6 MPH)
Batting: SHB Joe Fure 0-0: Ball
1-0: Ground out 4-3 (Groundball, 34, EV 105.0 MPH)
Batting: RHB Bobby Melillo 0-0: SINGLE (Groundball, 56D, EV 95.0 MPH)
Batting: SHB Victor Ruiz 0-0: Called Strike
0-1: Ball
1-1: Ball
2-1: Ball
3-1: Called Strike
3-2: Foul Ball, location: 2F
3-2: Foul Ball, location: 2F
3-2: Base on Balls
Bobby Melillo to second
Batting: SHB Mukhtar Wa'il 0-0: Foul Ball, location: 2F
0-1: Ball
1-1: Ball
2-1: Fly out, F7 (Line Drive, 7LM, EV 97.5 MPH)
Bottom of the 4th over - 0 runs, 1 hit, 0 errors, 2 left on base; Omaha 3 - Scranton WB 5
TOP OF THE 5TH
Omaha Storm Chasers batting - Pitching for Scranton WB RailRiders : RHP Eric Aguilar
Batting: RHB Matt Belgard 0-0: Ball
1-0: Swinging Strike
1-1: Foul Ball, location: 2F
1-2: Strikes out swinging
Batting: LHB Roman Downey 0-0: Ball
1-0: Called Strike
1-1: Ball
2-1: Called Strike
2-2: SOLO HOME RUN (Flyball, 9D, EV 98.1 MPH), Distance : 371 ft
Batting: RHB Adam Martin 0-0: Called Strike
0-1: Called Strike
0-2: Ball
1-2: Ball
2-2: Foul Ball, location: 2F
2-2: Ground out U3 (Groundball, 3L, EV 82.5 MPH)
Batting: LHB Pete Hansel 0-0: Ball
1-0: Ball
2-0: Fly out, F8 (Line Drive, 8LM, EV 108.8 MPH)
Top of the 5th over - 1 run, 1 hit, 0 errors, 0 left on base; Omaha 4 - Scranton WB 5
BOTTOM OF THE 5TH
Scranton WB RailRiders batting - Pitching for Omaha Storm Chasers : RHP Nick Harmon
Batting: RHB Scott King 0-0: Called Strike
0-1: Ball
1-1: Fly out, F8 (Flyball, 78M, EV 94.4 MPH)
Batting: LHB Dan Morris 0-0: Ball
1-0: Called Strike
1-1: Foul Ball, location: 2F
1-2: Ball
2-2: Foul Ball, location: 2F
2-2: Ground out 6-3 (Groundball, 6, EV 88.8 MPH)
Batting: RHB Devon Utley 0-0: Called Strike
0-1: SINGLE (Groundball, 6MD, EV 105.0 MPH)
Batting: SHB Edwin Dominguez 0-0: Foul Ball, location: 2F
0-1: SINGLE (Line Drive, 8LS, EV 100.6 MPH)
Devon Utley to second
Batting: LHB Aaron Joyner 0-0: Foul Ball, location: 2F
0-1: Ball
1-1: Foul Ball, location: 2F
1-2: Ball
2-2: Ball
3-2: Foul Ball, location: 2F
3-2: Foul Ball, location: 2F
3-2: Foul Ball, location: 2F
3-2: Strikes out swinging
Bottom of the 5th over - 0 runs, 2 hits, 0 errors, 2 left on base; Omaha 4 - Scranton WB 5
TOP OF THE 6TH
Omaha Storm Chasers batting - Pitching for Scranton WB RailRiders : RHP Eric Aguilar
Batting: RHB Eric Sandell 0-0: Foul Ball, location: 2F
0-1: Ball
1-1: Called Strike
1-2: Ball
2-2: Strikes out looking
Batting: LHB Danny Bailey 0-0: Called Strike
0-1: Foul Ball, location: 2F
0-2: Strikes out swinging
Batting: RHB Walt Cogswell 0-0: Ball
1-0: Ground out 4-3 (Groundball, 4M, EV 90.6 MPH)
Top of the 6th over - 0 runs, 0 hits, 0 errors, 0 left on base; Omaha 4 - Scranton WB 5
BOTTOM OF THE 6TH
Scranton WB RailRiders batting - Pitching for Omaha Storm Chasers : RHP Nick Harmon
Pitching: RHP Tom Jensen
Batting: SHB Joe Fure 0-0: Called Strike
0-1: Ball
1-1: Ball
2-1: Ball
3-1: Base on Balls
Batting: RHB Bobby Melillo 0-0: Ball
1-0: Foul Ball, location: 2F
1-1: Called Strike
1-2: 2-RUN HOME RUN (Flyball, 89XD, EV 100.0 MPH), Distance : 393 ft
Batting: SHB Victor Ruiz 0-0: Foul Ball, location: 2F
0-1: Ball
1-1: Ball
2-1: Foul Ball, location: 2F
2-2: Ball
3-2: Strikes out swinging
Batting: SHB Mukhtar Wa'il 0-0: SINGLE (Groundball, 34D, EV 107.5 MPH)
Batting: RHB Scott King 0-0: Called Strike
0-1: Fielders Choice at 2nd, 6-4 (Groundball, 6M, EV 104.4 MPH)
Batting: LHB Dan Morris 0-0: Swinging Strike
0-1: Ball
1-1: Ball
2-1: Foul Ball, location: 2F
2-2: Foul Ball, location: 2F
2-2: Ball
3-2: Base on Balls
Scott King to second
Batting: RHB Devon Utley 0-0: Called Strike
0-1: Ball
1-1: Swinging Strike
1-2: Ball
2-2: Ball
3-2: Foul Ball, location: 2F
3-2: SINGLE (Flyball, 34D, EV 87.5 MPH)
Scott King to third
Dan Morris to second
Scott King scores
Dan Morris to third
Pitching: RHP Justin Nipper
Batting: SHB Edwin Dominguez 0-0: Called Strike
Devon Utley steals 2nd base (no throw)
0-1: Fly out, F5 (Line Drive, 5L, EV 68.8 MPH)
Bottom of the 6th over - 3 runs, 3 hits, 0 errors, 2 left on base; Omaha 4 - Scranton WB 8
TOP OF THE 7TH
Omaha Storm Chasers batting - Pitching for Scranton WB RailRiders : RHP Eric Aguilar
Batting: RHB Taisei Fujii 0-0: Ball
1-0: Swinging Strike
1-1: SOLO HOME RUN (Flyball, 78XD, EV 101.9 MPH), Distance : 432 ft
Pitching: LHP Jose Carmona
Batting: LHB Robby Diaz 0-0: Called Strike
0-1: Ball
1-1: Foul Ball, location: 2F
1-2: Strikes out swinging
Batting: RHB Matt Belgard 0-0: Ball
1-0: Ball
2-0: Called Strike
2-1: Called Strike
2-2: Ball
3-2: Base on Balls
Batting: LHB Roman Downey 0-0: Called Strike
0-1: Ball
Matt Belgard steals 2nd base
1-1: Foul Ball, location: 2F
1-2: Foul Ball, location: 2F
1-2: Strikes out swinging
Batting: RHB Adam Martin 0-0: Called Strike
0-1: Ball
1-1: Ball
2-1: Ball
3-1: Fly out, F8 (Flyball, 8LXD, EV 100.0 MPH)
Top of the 7th over - 1 run, 1 hit, 0 errors, 1 left on base; Omaha 5 - Scranton WB 8
BOTTOM OF THE 7TH
Scranton WB RailRiders batting - Pitching for Omaha Storm Chasers : RHP Justin Nipper
Batting: LHB Aaron Joyner 0-0: Ball
1-0: Foul Ball, location: 2F
1-1: Ball
2-1: SINGLE (Line Drive, 89S, EV 100.0 MPH)
Batting: SHB Joe Fure 0-0: Called Strike
0-1: Called Strike
0-2: Ball
1-2: Strikes out swinging
Batting: RHB Bobby Melillo 0-0: Swinging Strike
Aaron Joyner steals 2nd base
0-1: Ground out 6-3 (Groundball, 6, EV 85.0 MPH)
Batting: SHB Victor Ruiz 0-0: Ball
1-0: Called Strike
1-1: Swinging Strike
1-2: Strikes out looking
Bottom of the 7th over - 0 runs, 1 hit, 0 errors, 1 left on base; Omaha 5 - Scranton WB 8
TOP OF THE 8TH
Omaha Storm Chasers batting - Pitching for Scranton WB RailRiders : LHP Jose Carmona
Batting: LHB Pete Hansel 0-0: Ball
1-0: Ball
2-0: Called Strike
2-1: Swinging Strike
2-2: Ball
3-2: Ground out U3 (Groundball, 34S, EV 83.1 MPH)
Batting: RHB Eric Sandell 0-0: Ball
1-0: Called Strike
1-1: Ball
2-1: Swinging Strike
2-2: Ball
3-2: Base on Balls
Batting: LHB Danny Bailey 0-0: Called Strike
0-1: Ball
1-1: Ball
2-1: Foul Ball, location: 2F
2-2: Ball
3-2: Foul Ball, location: 2F
3-2: Fielders Choice at 2nd, 1-6 (Groundball, 13, EV 70.0 MPH)
Pitching: RHP Isaias Chavez
Batting: RHB Walt Cogswell 0-0: Swinging Strike
0-1: Foul Ball, location: 2F
0-2: Ball
1-2: Ball
2-2: Ball
3-2: Base on Balls
Danny Bailey to second
Batting: RHB Taisei Fujii 0-0: Ball
1-0: Called Strike
1-1: Swinging Strike
1-2: Strikes out looking
Top of the 8th over - 0 runs, 0 hits, 0 errors, 2 left on base; Omaha 5 - Scranton WB 8
BOTTOM OF THE 8TH
Scranton WB RailRiders batting - Pitching for Omaha Storm Chasers : RHP Justin Nipper
Batting: SHB Mukhtar Wa'il 0-0: Ball
1-0: SINGLE (Groundball, 4D, EV 98.8 MPH)
Batting: RHB Scott King 0-0: Grounds into double play, 6-4-3 (Groundball, 6, EV 82.5 MPH)
Batting: LHB Dan Morris 0-0: Called Strike
0-1: Fly out, F8 (Flyball, 8RXD, EV 106.9 MPH)
Bottom of the 8th over - 0 runs, 1 hit, 0 errors, 0 left on base; Omaha 5 - Scranton WB 8
TOP OF THE 9TH
Omaha Storm Chasers batting - Pitching for Scranton WB RailRiders : RHP Isaias Chavez
Batting: LHB Robby Diaz 0-0: Ball
1-0: Fly out, F8 (Flyball, 8LXD, EV 108.1 MPH)
Batting: RHB Matt Belgard 0-0: Ball
1-0: Ball
2-0: Called Strike
2-1: Swinging Strike
2-2: Strikes out swinging
Batting: LHB Roman Downey 0-0: Ball
1-0: Swinging Strike
1-1: Called Strike
1-2: Ground out 4-3 (Groundball, 4S, EV 90.6 MPH)
Top of the 9th over - 0 runs, 0 hits, 0 errors, 0 left on base; Omaha 5 - Scranton WB 8
Tuesday, September 13th , 2022 - OOTP Baseball 23.7 Build 88